 Dungeon Crawl Stone Soup version 0.30.1-11-g7821555f0a (webtiles) character file.

Game seed: 9431579376577659125

3794 hawla the Thaumaturge (level 9, 0/48 HPs)
             Began as a Deep Elf Fire Elementalist on Jan 12, 2024.
             Was a Follower of Vehumet.
             Slain by a hellwing (13 damage)
             ... summoned by an orc high priest
             ... in a bailey.
             The game lasted 00:28:24 (8521 turns).

hawla the Thaumaturge (Deep Elf Fire Elementalist)  Turns: 8521, Time: 00:28:25

Health: 0/48       AC:  9    Str:  8    XL:     9   Next: 96%
Magic:  12/23      EV: 14    Int: 25    God:    Vehumet [*.....]
Gold:   1273       SH:  0    Dex: 17    Spells: 15/25 levels left

rFire   . . .        B - +6 long sword of Accord {freeze, rPois Str+3 Dex+2}
rCold   . . .        (no shield)
rNeg    . . .        t - +0 steam dragon scales
rPois   +            o - +0 helmet
rElec   .            s - +0 cloak
rCorr   .            (no gloves)
SInv    .            h - +1 pair of boots
Will    .....        (no amulet)
Stlth   +++          e - ring of poison resistance
HPRegen 0.28/turn    g - ring of flight
MPRegen 0.18/turn

%: no passive effects
@: flying
A: no striking features
a: Renounce Religion


You were in a bailey.
You worshipped Vehumet.
Vehumet was aware of your devotion.
You visited 2 branches of the dungeon, and saw 8 of its levels.
You also visited: Sewer and Bailey.

You collected 1273 gold pieces.

Inventory:

Hand Weapons
 q - a +3 short sword of venom
 B - the +6 long sword of Accord (weapon) {freeze, rPois Str+3 Dex+2}
   (You found it on level 6 of the Dungeon)

   Str:       It affects your strength (+3).
   Dex:       It affects your dexterity (+2).
   rPois:     It protects you from poison.
Armour
 h - a +1 pair of boots (worn)
 o - a +0 helmet (worn)
 s - a +0 cloak (worn)
 t - +0 steam dragon scales (worn)
Jewellery
 e - a ring of poison resistance (left hand)
 g - a ring of flight (right hand)
 y - a ring of protection from fire
 z - a +5 ring of evasion
Wands
 b - a wand of charming (7) (quivered)
 c - a wand of acid (6)
Scrolls
 a - 2 scrolls of amnesia
 f - a scroll of fog
 i - a scroll of magic mapping
 m - 3 scrolls of poison
 u - 2 scrolls of teleportation
Potions
 d - 3 potions of resistance
 j - a potion of curing
 k - a potion of brilliance
 l - a potion of berserk rage
 n - 2 potions of attraction
 r - a potion of haste
 w - 6 potions of flight
 x - a potion of lignification {unknown}


   Skills:
 + Level 2.0 Fighting
 * Level 4.1(4.7) Short Blades
 * Level 2.9(3.8) Long Blades
 + Level 4.8 Dodging
 - Level 5.0 Stealth
 + Level 8.5 Spellcasting
 + Level 6.0 Conjurations
 + Level 6.5 Necromancy
 + Level 7.1 Fire Magic
 + Level 3.0 Evocations


You had 15 spell levels left.
You knew the following spells:

 Your Spells              Type           Power      Damage    Failure   Level
a - Foxfire               Conj/Fire      100%       2x1d9     1%          1
b - Scorch                Fire           92%        2d8       1%          2
c - Flame Wave            Conj/Fire      43%        2d11      3%          4
d - Vampiric Draining     Necr           43%        2d9       1%          3

Your spell library contained the following spells:

 Spells                   Type           Power      Damage    Failure   Level
 Shock                    Conj/Air       100%       1d9       1%          1
 Inner Flame              Hex/Fire       28%        N/A       4%          3
 Stone Arrow              Conj/Erth      50%        3d10      4%          3
 Volatile Blastmotes      Fire/Tloc      56%        2d14      4%          3
 Sandblast                Erth           20%        2d7       6%          1
 Slow                     Hex            40%        N/A       6%          1
 Passwall                 Tmut/Erth      8%         N/A       9%          2
 Fireball                 Conj/Fire      21%        3d10      11%         5
 Iskenderun's Battlesphe  Conj           40%        2d9       14%         5
 Confusing Touch          Hex            10%        N/A       17%         3
 Conjure Ball Lightning   Conj/Air       12%        3x3d6     95%         6
 Orb of Destruction       Conj           20%        9d8       99%         7
 Summon Cactus Giant      Summ           5%         N/A       100%        6


Dungeon Overview and Level Annotations

Branches:
Dungeon (7/15)             Temple (1/1) D:6           Sewer (visited)
 Bailey (1/1)

Altars:
Ashenzari
Cheibriados
Dithmenos
Elyvilon
Fedhas
Gozag
Kikubaaqudgha
Makhleb
Nemelex Xobeh
Ru
Sif Muna
Trog
Uskayaw
Vehumet
Wu Jian
Zin


Message History

Casting: Flame Wave (dangerous; 3% risk of failure)
Press: ? - help, Dir - look around, f - activate A wave of flame ripples out!
The flame wave engulfs the hellwing!!
The hellwing is burned terribly!
The hellwing is almost dead. (Press . to intensify the flame waves.)
You hear a shout!
The hellwing is engulfed in a cloud of scalding steam.
The hellwing completely misses you.
The hellwing hits you but does no damage.
A wave of flame ripples out!
The flame wave engulfs the hellwing but does no damage.
The hellwing is almost dead.
The flame wave engulfs the orc knight!
The orc knight is moderately wounded.
The orc knight roars a battlecry!
The hellwing hits you!
* * * LOW HITPOINT WARNING * * *
The hellwing barely misses you.
You feel better.
The hellwing hits you but does no damage.
The hellwing completely misses you.
Casting: Flame Wave (dangerous; 3% risk of failure)
Confirm with . or Enter, or press ? or * to list all spells.
Casting: Flame Wave (dangerous; 3% risk of failure)
Press: ? - help, Dir - look around, f - activate A wave of flame ripples out!
The flame wave engulfs the hellwing but does no damage.
The hellwing is almost dead. (Press . to intensify the flame waves.)
The hellwing is no longer more vulnerable to fire.
The hellwing misses you.
The hellwing hits you but does no damage.
A wave of flame ripples out!
The flame wave engulfs the hellwing but does no damage.
The hellwing is almost dead.
The flame wave engulfs the orc knight!
The orc knight is moderately wounded.
The hellwing hits you!
You die...

###...### #.......# #...∩...#
#.......# #.......#
########.....o.#################
≈≈≈≈≈≈≈........§§§§≈≈≈≈≈≈≈≈≈≈≈≈#
≈≈≈≈≈≈≈≈≈≈..)≈§§§§§§≈≈≈≈≈≈≈≈≈≈≈#
≈≈≈≈≈≈≈≈≈≈..)≈§§@4§≈≈≈≈≈≈≈≈≈≈≈≈#
≈≈≈≈≈≈≈≈≈≈..)≈§§§§§≈≈≈≈≈≈≈≈≈≈≈≈#
≈≈≈≈≈≈≈≈≈≈...≈§§§§§≈≈≈≈≈≈≈≈≈≈≈≈#
######~~~~...~oo§######≈≈≈≈≈≈≈≈#
#.'..#...........#..'.#≈≈≈≈≈≈≈≈#
###..#####'''#####..###≈≈≈≈≈≈≈≈#
#....# '.... #....#≈≈≈≈≈≈≈≈#
#)...# '.... #....#≈≈≈≈≈≈≈≈#
#'#### #..⌠ ####'#≈≈≈≈≈≈≈≈#


You could see an orc knight and a hellwing (summoned).

Vanquished Creatures
  An orc high priest (Bailey)
  Pikel (D:6)
  Sigmund (D:2)
  A steam dragon (D:4)
  Duvessa (D:5)
  12 orc warriors
  2 bullfrogs (D:7)
  Blork the orc (D:5)
  2 scorpions
  Dowan (D:5)
  2 electric eels (Bailey)
  A howler monkey (D:5)
  A hound (D:5)
  A gnoll bouda (D:6)
  Ijyb (D:3)
  Crazy Yiuf (D:3)
  5 iguanas
  Terence (D:2)
  5 orc wizards
  Robin (D:2)
  10 gnolls
  11 adders
  5 river rats (Sewer)
  A white imp (D:6)
  6 worms
  4 dart slugs
  13 orcs
  10 endoplasms
  8 giant cockroaches
  33 goblins
  16 hobgoblins
  9 jackals
  5 kobolds
  6 quokkas
  11 ball pythons
  17 bats
  3 frilled lizards
  4 rats
214 creatures vanquished.

Vanquished Creatures (collateral kills)
  An adder (D:5)
1 creature vanquished.

Vanquished Creatures (others)
  277 foxfires
277 creatures vanquished.

Grand Total: 492 creatures vanquished

Notes
Turn   | Place    | Note
-------+----------+-------------------------------------------
     0 | D:1      | hawla the Deep Elf Fire Elementalist began the quest for
                  | the Orb.
     0 | D:1      | Reached XP level 1. HP: 10/10 MP: 6/6
   250 | D:1      | Reached XP level 2. HP: 15/15 MP: 6/8
   763 | D:1      | Reached XP level 3. HP: 15/19 MP: 5/9
  1272 | D:2      | Noticed Terence
  1288 | D:1      | Learned a level 2 spell: Scorch
  1456 | D:2      | Reached skill level 4 in Spellcasting
  1563 | D:2      | Killed Terence
  1564 | D:2      | Reached XP level 4. HP: 24/24 MP: 2/12
  1565 | D:2      | Noticed Robin
  1575 | D:2      | Killed Robin
  1581 | D:2      | Learned a level 4 spell: Flame Wave
  1797 | D:2      | Reached XP level 5. HP: 28/28 MP: 9/13
  1836 | D:2      | Noticed Sigmund
  1841 | D:2      | Killed Sigmund
  1842 | D:2      | Reached XP level 6. HP: 32/32 MP: 8/14
  2773 | D:3      | Noticed Ijyb
  2788 | D:3      | Killed Ijyb
  2888 | D:3      | Learned a level 3 spell: Vampiric Draining
  3719 | D:3      | Found a runed translucent door.
  3720 | D:3      | Noticed Crazy Yiuf
  3726 | D:3      | Killed Crazy Yiuf
  3727 | D:3      | Reached skill level 1 in Necromancy
  3810 | D:3      | Reached skill level 1 in Evocations
  3826 | D:4      | Noticed a steam dragon
  3826 | D:4      | Found a snail-covered altar of Cheibriados.
  3829 | D:4      | Killed a steam dragon
  3830 | D:4      | Reached XP level 7. HP: 25/36 MP: 8/16
  4062 | D:4      | Found a blossoming altar of Fedhas.
  4363 | D:4      | Found a glowing drain.
  4397 | Sewer    | Entered a sewer
  5347 | D:5      | Entered Level 5 of the Dungeon
  5391 | D:5      | Reached skill level 5 in Necromancy
  5504 | D:5      | Noticed Duvessa
  5504 | D:5      | Noticed Dowan
  5509 | D:5      | Killed Dowan
  5510 | D:5      | Killed Duvessa
  5527 | D:5      | Reached XP level 8. HP: 20/41 MP: 4/17
  5530 | D:5      | Reached skill level 5 in Spellcasting
  5530 | D:5      | Reached skill level 5 in Fire Magic
  5816 | D:5      | Noticed Blork the orc
  5843 | D:5      | Killed Blork the orc
  6006 | D:5      | Reached skill level 5 in Conjurations
  6009 | D:5      | Reached skill level 1 in Short Blades
  6646 | D:6      | Found a broken altar of Ashenzari.
  6678 | D:6      | Found a staircase to the Ecumenical Temple.
  6682 | D:6      | Reached skill level 1 in Fighting
  6687 | Temple   | Entered the Ecumenical Temple
  6806 | Temple   | Became a worshipper of Vehumet
  6862 | D:6      | Reached skill level 6 in Spellcasting
  6929 | D:6      | Identified the +6 long sword of Accord {freeze, rPois Str+3
                  | Dex+2}
  7073 | D:6      | Noticed Pikel
  7085 | D:6      | Killed Pikel
  7317 | D:7      | Reached XP level 9. HP: 46/48 MP: 21/21
  7353 | D:7      | Found a flagged portal.
  7360 | Bailey   | Entered a bailey
  7388 | Bailey   | Reached skill level 7 in Spellcasting
  7433 | Bailey   | Reached skill level 1 in Long Blades
  7515 | Bailey   | Noticed an orc knight
  7786 | Bailey   | Reached skill level 5 in Stealth
  7878 | Bailey   | Noticed an orc knight
  7887 | Bailey   | Reached * piety under Vehumet
  7887 | Bailey   | Offered knowledge of Shock by Vehumet.
  8035 | Bailey   | Acquired 915 gold pieces
  8077 | Bailey   | Found an iron altar of Okawaru.
  8079 | Bailey   | Noticed an orc high priest
  8079 | Bailey   | Noticed an orc high priest
  8082 | Bailey   | Noticed a sixfirhy
  8083 | Bailey   | Noticed a red devil
  8084 | Bailey   | Noticed an orange demon
  8084 | Bailey   | Noticed a sun demon
  8376 | Bailey   | Reached skill level 8 in Spellcasting
  8398 | Bailey   | Killed an orc high priest
  8512 | Bailey   | Identified the +2 plate armour of the Rotten God {Str+4
                  | Dex+2}
  8514 | Bailey   | Noticed a hellwing
  8521 | Bailey   | Slain by a hellwing

Illustrated notes

Levels and vault maps discovered:
D:1:      giann_wishing_wells, layout_basic, serial_park_tiny_2
D:2:      layout_basic, uniq_robin, uniq_terence, uniq_sigmund
D:3:      kennysheep_goblin_castle, layout_basic, uniq_crazy_yiuf_cottage
D:4:      layout_loops_ring, cheibriados_altar_1, mainiacjoe_overflow_alcove_4,
          gup_sewer_entry_glass, amethyst_killhole
D:5:      layout_loops_cross, uniq_blork_the_orc, uniq_duvessa
D:6:      layout_cave_pools, mainiacjoe_overflow_alcove_1, temple_doors_e,
          uniq_pikel
D:7:      layout_loops_cross, enter_bailey_2, wad_mini_maze
Temple:   nicolae_temple_bog_church
Bailey:   bailey_axe_of_yendor_kennysheep, bailey

Skill      XL: |  1  2  3  4  5  6  7  8  9 |
---------------+----------------------------+-----
Fire Magic     | 4 6 7 |  7.1
Spellcasting   | 4 6 8 |  8.5
Stealth        | 3 4 5 |  5.0
Conjurations   | 2 4 5 6 |  6.0
Necromancy     | 2 6 |  6.5
Evocations     | 2 3 |  3.0
Dodging        | 4 |  4.8
Short Blades   | 2 4 |  4.1
Fighting       | 1 2 |  2.0
Long Blades    | 2 |  2.9

Action                     |  1- 3 |  4- 6 |  7- 9 || total
---------------------------+-------+-------+-------++-------
  Melee: Unarmed           |     4 |       |       ||     4
         Dagger            |       |    14 |       ||    14
         Short sword       |       |     7 |   132 ||   139
         Punch             |       |       |     1 ||     1
         Long sword        |       |       |    22 ||    22
   Cast: Foxfire           |    51 |    42 |    61 ||   154
         Scorch            |     3 |    17 |    34 ||    54
         Flame Wave        |       |     5 |    19 ||    24
         Vampiric Draining |       |       |     1 ||     1
    Use: Scroll            |     8 |     5 |    13 ||    26
         Potion            |       |     3 |     3 ||     6
   Stab: Sleeping          |       |     3 |    11 ||    14
         Distracted        |       |       |     1 ||     1
 Armour: Robe              |     4 |    19 |     1 ||    24
         Steam dragon scal |       |       |    64 ||    64
  Dodge: Dodged            |     5 |    34 |   131 ||   170
